 Dungeon Crawl Stone Soup version 0.23.0-3-gf3c87f2df8 (webtiles) character file.

Game seed: 4751686470666227790

2821 Peloso the Carver (level 9, -1/78 HPs)
             Began as a Minotaur Fighter on Feb 25, 2019.
             Was a Believer of Okawaru.
             Slain by an ogre
             ... wielding a +0 giant club
              (11 damage)
             ... on level 7 of the Dungeon.
             The game lasted 00:11:52 (6023 turns).

Peloso the Carver (Minotaur Fighter)                Turns: 6023, Time: 00:11:56

Health: -1/78      AC: 24    Str: 27    XL:     9   Next: 45%
Magic:  0/8        EV:  7    Int:  5    God:    Okawaru [**....]
Gold:   100        SH:  0    Dex: 12    Spells: 8/8 levels left

rFire    + + +     SeeInvis .   a - +1 falchion of Oozing Pus {flame, *Corrode *Slow rF+++ Stlth+}
rCold    x . .     Gourm    .   c - +0 shield
rNeg     . . .     Faith    .   G - +9 chain mail "Deutzatu" {rElec}
rPois    .         Spirit   +   (helmet restricted)
rElec    +         Reflect  .   (no cloak)
rCorr    .         Harm     .   H - +2 pair of gloves of Qapunoiq {Stlth+}
MR       .....                  j - +0 pair of boots
Stlth    ..........             y - amulet of guardian spirit
HPRegen  0.23/turn              x - ring of wizardry
MPRegen  0.11/turn              B - ring of fire

@: confused, mighty, lethally poisoned (-1 -> -16), drained
A: retaliatory headbutt, horns 2
a: Heroism, Renounce Religion


You were on level 7 of the Dungeon.
You worshipped Okawaru.
Okawaru was pleased with you.
You were not hungry.

You visited 2 branches of the dungeon, and saw 8 of its levels.

You collected 356 gold pieces.
You spent 256 gold pieces at shops.

Inventory:

Hand Weapons
 a - the +1 falchion of Oozing Pus (weapon) {flame, *Corrode *Slow rF+++ Stlth+}
   (You found it on level 6 of the Dungeon)

   It has been specially enchanted to burn those struck by it, causing extra
   injury to most foes and up to half again as much damage against particularly
   susceptible opponents.
   Big, fiery blades are also staple armaments of hydra-hunters.
   It renders you almost immune to fire.
   It may corrode you when you take damage.
   It may slow you when you take damage.
   It makes you more stealthy.
 b - a +0 long sword of holy wrath
Armour
 c - a +0 shield (worn)
 j - a +0 pair of boots (worn)
 o - a +0 chain mail
 G - the +9 chain mail "Deutzatu" (worn) {rElec}
   (You bought it in a shop on level 5 of the Dungeon)

   It insulates you from electricity.
 H - the +2 pair of gloves of Qapunoiq (worn) {Stlth+}
   (You found it on level 6 of the Dungeon)

   It makes you more stealthy.
Jewellery
 x - a ring of wizardry (left hand)
 y - an amulet of guardian spirit (around neck)
 B - a ring of fire (right hand)
 J - an uncursed ring of fire
Wands
 g - a wand of flame (18)
 u - a wand of iceblast (8)
 z - a wand of digging (3)
 C - a wand of polymorph (2)
Scrolls
 e - a scroll of noise
 k - 2 scrolls of amnesia
 n - 6 scrolls of identify
 q - 2 scrolls of fog
 r - a scroll of magic mapping {unknown}
 v - 3 scrolls of remove curse
 D - a scroll of enchant armour {unknown}
 E - a scroll of immolation {unknown}
 F - a scroll of brand weapon {unknown}
Potions
 d - 2 potions of might
 i - a potion of lignification {unknown}
 p - a potion of ambrosia
 s - 4 potions of curing {unknown}
 t - a potion of cancellation {unknown}
 w - a potion of brilliance {unknown}
 A - 4 potions of agility {unknown}
 I - 3 potions of heal wounds {unknown}
 L - a potion of haste {unknown}
Comestibles
 f - 15 rations
 K - 3 chunks of flesh


   Skills:
 + Level 6.9(6.1) Fighting
 + Level 10.2(9.4) Long Blades
 + Level 8.2(7.3) Armour
 + Level 2.2(1.5) Dodging
 + Level 1.1(0.4) Stealth
 + Level 7.5(6.7) Shields
 + Level 0.4(0.0) Evocations


You had 8 spell levels left.
You didn't know any spells.
Your spell library contained the following spells:

 Spells                   Type           Power        Failure   Level  Hunger
 Animate Skeleton         Necr           N/A          95%         1    ##.....
 Apportation              Tloc           #.....       95%         1    ##.....
 Confusing Touch          Hex            #.....       95%         1    ##.....
 Summon Small Mammal      Summ           #...         95%         1    ##.....


Dungeon Overview and Level Annotations

Branches:
Dungeon (7/15)             Temple (1/1) D:4

Altars:
Ashenzari
Cheibriados
Dithmenos
Elyvilon
Fedhas
Gozag
Hepliaklqana
Kikubaaqudgha
Makhleb
Nemelex Xobeh
Okawaru
Qazlal
Ru
Sif Muna
Uskayaw
Vehumet
Wu Jian
Xom
Yredelemnul
Zin
The Shining One

Shops:
D:5 [

Annotations:
D:6 2 transporters, DildoBatman's ghost, novice OpWz


Innate Abilities, Weirdness & Mutations

You reflexively headbutt those who attack you in melee.
You have a pair of horns on your head.


Message History

You are lethally poisoned!
The ogre hits you with a +0 giant club.
* * * LOW HITPOINT WARNING * * *
You slash the gnoll sergeant! You burn the gnoll sergeant.
You kill the gnoll sergeant!
Okawaru accepts your kill.
* * * LOW HITPOINT WARNING * * *
You feel sick. You block the gnoll's attack.
The centaur hits you with a cursed -3 war axe!
* * * LOW HITPOINT WARNING * * *
The gnoll barely misses you. The hobgoblin completely misses you.
You furiously retaliate!
You headbutt the hobgoblin!
You kill the hobgoblin!
You are confused.
You feel invigorated.
* * * LOW HITPOINT WARNING * * *
You feel sick.
The centaur hits you but does no damage.
The ogre hits you with a +0 giant club!
You die...

♣..♣ P.. #########
####### #....)..#
....$$. #.......#
$!..... #.).....#
....... #.)§....# ...og
#§§[...§#
#####oc####...[.§.#♣PP.
.....KO@)?'.....§.#....
......g()$'!?."...#....
#######################


You could see an orc warrior, an ogre, a centaur, an orc wizard, 2 gnolls and a
kobold.

Vanquished Creatures
  Pikel (D:4)
  A hornet (D:7)
  2 sky beasts
  A slave (D:4)
  3 ice beasts
  4 ogres
  2 phantoms
  2 bullfrogs (D:6)
  A gnoll sergeant (D:7)
  6 killer bees (D:6)
  2 crimson imps
  2 bullfrog zombies
  A bullfrog skeleton (D:6)
  2 hounds (D:7)
  A jelly (D:5)
  A gnoll shaman (D:7)
  A quasit (D:6)
  2 orc priests
  An orc wizard (D:7)
  2 centaur skeletons
  An iguana (D:5)
  5 worker ants
  An adder (D:2)
  8 gnolls
  2 adder skeletons
  6 worms
  A dart slug (D:2)
  2 leopard geckos (D:4)
  11 orcs
  2 ball pythons
  14 giant cockroaches
  4 goblins
  5 hobgoblins
  11 jackals
  13 kobolds
  2 quokkas
  11 bats
  2 frilled lizards
  A jackal zombie (D:5)
  A leopard gecko zombie (D:5)
  2 quokka skeletons
  7 rats
150 creatures vanquished.

Vanquished Creatures (others)
  A centaur skeleton (D:4)
  An adder (D:4)
  An orc (D:4)
3 creatures vanquished.

Grand Total: 153 creatures vanquished

Notes
Turn   | Place    | Note
-------+----------+-------------------------------------------
     0 | D:1      | Peloso the Minotaur Fighter began the quest for the Orb.
     0 | D:1      | Reached XP level 1. HP: 19/19 MP: 0/0
   283 | D:1      | Reached XP level 2. HP: 27/27 MP: 1/1
   642 | D:2      | Reached XP level 3. HP: 12/33 MP: 2/2
  1259 | D:2      | Reached XP level 4. HP: 28/40 MP: 3/3
  1585 | D:2      | Reached skill level 3 in Long Blades
  1921 | D:3      | Found a faded altar of an unknown god.
  2145 | D:3      | Reached XP level 5. HP: 24/46 MP: 4/4
  2678 | D:4      | Noticed an ogre
  2680 | D:4      | Killed an ogre
  2680 | D:4      | Reached skill level 4 in Long Blades
  2680 | D:4      | Reached skill level 5 in Armour
  2680 | D:4      | Reached skill level 5 in Shields
  2757 | D:4      | Noticed a slave
  2762 | D:4      | Noticed Pikel
  2766 | D:4      | Killed a slave
  2766 | D:4      | Noticed a slave
  2776 | D:4      | Killed Pikel
  2776 | D:4      | Reached skill level 5 in Fighting
  2776 | D:4      | Reached skill level 6 in Long Blades
  2776 | D:4      | Reached skill level 1 in Dodging
  2776 | D:4      | Reached XP level 6. HP: 54/56 MP: 5/5
  2776 | D:4      | Reached XP level 7. HP: 58/61 MP: 6/6
  3167 | D:4      | Found a staircase to the Ecumenical Temple.
  3371 | Temple   | Entered the Ecumenical Temple
  3401 | Temple   | Became a worshipper of Warmaster Okawaru
  3480 | D:5      | Entered Level 5 of the Dungeon
  3508 | D:5      | Reached skill level 7 in Long Blades
  3508 | D:5      | Reached skill level 1 in Stealth
  3525 | D:5      | Reached XP level 8. HP: 62/69 MP: 7/7
  4332 | D:5      | Found Ecouq's Antique Armour Boutique.
  4346 | D:5      | Reached * piety under Okawaru
  4348 | D:5      | Bought a jewelled chain mail for 256 gold pieces
  4359 | D:5      | Identified the +9 chain mail "Deutzatu" {rElec} (You bought
                  | it in a shop on level 5 of the Dungeon)
  4489 | D:6      | Got a pair of spiked gloves
  4495 | D:6      | Identified the +2 pair of gloves of Qapunoiq {Stlth+} (You
                  | found it on level 6 of the Dungeon)
  4568 | D:6      | Reached skill level 8 in Long Blades
  4804 | D:6      | Noticed DildoBatman's ghost (novice OpWz)
  4805 | D:6      | Noticed an eight-headed hydra
  4808 | D:6      | Found a transporter.
  4823 | D:6      | Found a transporter.
  4898 | D:6      | Got a blackened falchion
  4899 | D:6      | Identified the cursed +1 falchion of Oozing Pus {flame,
                  | *Corrode *Slow rF+++ Stlth+} (You found it on level 6 of
                  | the Dungeon)
  5217 | D:6      | Reached ** piety under Okawaru
  5684 | D:6      | Reached skill level 9 in Long Blades
  5685 | D:6      | Reached XP level 9. HP: 72/78 MP: 6/8
  5926 | D:7      | Reached skill level 10 in Long Blades
  6023 | D:7      | Slain by an ogre

Skill      XL: |  1  2  3  4  5  6  7  8  9 |
---------------+----------------------------+-----
Armour         | 4 5 6 7 8 |  8.2
Fighting       | 4 5 6 |  6.9
Shields        | 4 5 6 7 |  7.5
Long Blades    | 3 6 7 9 10 | 10.2
Dodging        | 1 2 |  2.2
Stealth        | 1 |  1.1
Evocations     | |  0.4

Action                   |  1- 3 |  4- 6 |  7- 9 || total
-------------------------+-------+-------+-------++-------
Melee: Long sword        |    95 |   110 |   119 ||   324
       Headbutt          |    10 |    23 |    60 ||    93
       Falchion          |       |       |   150 ||   150
Invok: Heroism           |       |       |     1 ||     1
Evoke: Wand              |       |     2 |       ||     2
  Use: Potion            |       |     1 |     2 ||     3
       Scroll            |       |       |     8 ||     8
  Eat: Chunk             |     1 |     5 |    11 ||    17
Armor: Scale mail        |    56 |       |       ||    56
       Chain mail        |    14 |    51 |   169 ||   234
Dodge: Dodged            |    59 |    17 |    98 ||   174
Block: Shield            |    77 |    48 |   157 ||   282
       Rpst.: Long sword |    13 |     4 |     9 ||    26
       Falchion          |       |       |    21 ||    21
